 Dungeon Sprint DCSS version 0.24.0-125-gc4c63601f3 (webtiles) character file.

Game seed: 8899661851664889194, levelgen mode: deterministic

70 Ponchio the Digger (level 4, 0/24 HPs)
             Began as a Deep Elf Earth Elementalist on Feb 17, 2020.
             Succumbed to a worker ant's poison
             ... in the Dungeon (Sprint II: "The Violet Keep of Menkaure").
             The game lasted 00:01:06 (21 turns).

Ponchio the Digger (Deep Elf Earth Elementalist)      Turns: 21, Time: 00:01:06

Health: 0/24       AC:  2    Str:  5    XL:     4   Next: 3%
Magic:  7/14       EV: 13    Int: 21    God:
Gold:   0          SH:  0    Dex: 15    Spells: 15/16 levels left

rFire    . . .     SeeInvis .   (no weapon)
rCold    . . .     Gourm    .   (no shield)
rNeg     . . .     Faith    .   c - +0 robe
rPois    .         Spirit   .   (no helmet)
rElec    .         Reflect  .   (no cloak)
rCorr    .         Harm     .   (no gloves)
MR       .....     NoTele   +   (no boots)
Stlth    ++........             (no amulet)
HPRegen  0.08/turn              (no ring)
MPRegen  0.14/turn              (no ring)

@: lethally poisoned (0 -> -16)
A: no striking features
a: no special abilities


You were in the Dungeon.
You were not hungry.

You visited 1 branch

Inventory:

Missiles
 b - 19 stones (quivered)
Armour
 c - a +0 robe (worn)
Scrolls
 j - a scroll of blinking
Potions
 g - a potion of haste
 h - a potion of magic
 i - a potion of berserk rage
Comestibles
 d - a ration


   Skills:
 - Level 2.4 Dodging
 - Level 2.4 Stealth
 + Level 6.6 Spellcasting
   Level 1.1 Transmutations
 * Level 7.8 Earth Magic


You had 15 spell levels left.
You knew the following spells:

 Your Spells              Type           Power        Failure   Level  Hunger
a - Sandblast             Erth           #####.       1%          1    None

Your spell library contained the following spells:

 Spells                   Type           Power        Failure   Level  Hunger
 Passwall                 Tmut/Erth      ####....     2%          2    None
 Stone Arrow              Conj/Erth      ###...       5%          3    #......
 Lee's Rapid Deconstruct  Erth           #####.....   11%         5    #####..
 Petrify                  Tmut/Erth      ####....     14%         4    ###....


Dungeon Overview and Level Annotations

Branches:
Dungeon (1/1)

Altars:


Message History

Unknown command.
Casting: Sandblast (safe; 1% risk of failure)
Confirm with . or Enter, or press ? or * to list all spells.
Aiming: Sandblast (safe; 1% risk of failure)
Press: ? - help, Shift-Dir - straight line, f/p - worker ant
Aim: a worker ant (severely wounded)
The blast of sand hits the worker ant!
You kill the worker ant!
You have reached level 4!
You feel clever.
b - 19 stones
* * * LOW HITPOINT WARNING * * *
You feel sick.
Unknown command.
Okay, then.
* * * LOW HITPOINT WARNING * * *
You feel sick.
There is a staircase leading out of the dungeon here.
Are you sure you want to leave the Dungeon?
This will make you lose the game!
You die...

## #+#
.##
##.###..#
+.@.†$#
##.###..#
#+# a##
##


There were no monsters in sight!

Vanquished Creatures
  3 worker ants (D)
3 creatures vanquished.

Notes
Turn   | Place    | Note
-------+----------+-------------------------------------------
     0 | D        | Ponchio the Deep Elf Earth Elementalist began the quest for
                  | the Orb.
     0 | D        | Reached XP level 1. HP: 10/10 MP: 6/6
     1 | D        | Noticed a worker ant
     1 | D        | Noticed a worker ant
     8 | D        | Killed a worker ant
     8 | D        | Reached skill level 5 in Spellcasting
     8 | D        | Reached skill level 6 in Earth Magic
     8 | D        | Reached XP level 2. HP: 6/15 MP: 0/10
    13 | D        | Reached skill level 7 in Earth Magic
    13 | D        | Reached XP level 3. HP: 14/19 MP: 7/12
    19 | D        | Reached XP level 4. HP: 3/24 MP: 6/14
    20 | D        | HP: 1/24 [poisoned by a worker ant]
    21 | D        | Succumbed to a worker ant's poison

Levels and vault maps discovered:
D:        the_violet_keep_of_menkaure [sprint2_stairs_cluster_1,
          sprint2_shoproom, sprint2_temple, sprint2_basic_supplies,
          sprint2_obstacle_4, sprint2_obstacle_3, sprint2_obstacle_7,
          sprint2_obstacle_2, sprint2_obstacle_6, sprint2_timed_cluster_1,
          sprint2_smallroom_cluster_1, sprint2_smallroom_final_cluster_1,
          sprint2_transparent_cluster_1, sprint2_second_timed_cluster_1,
          sprint2_sniper_area_1, sprint2_heavy_combat_area_1,
          sprint2_mutation_trap_area_1, sprint2_forest_area_1,
          sprint2_light_combat_area_1, sprint2_behind_water_1,
          sprint2_near_end_vault_1]

Skill      XL: |  1  2 |
---------------+-------+-----
Spellcasting   | 5 6 |  6.6
Earth Magic    | 6 7 |  7.8
Dodging        | |  2.4
Stealth        | |  2.4
Transmutations | |  1.1

Action                   |  1- 3 |  4- 6 || total
-------------------------+-------+-------++-------
 Cast: Sandblast         |    10 |     1 ||    11
  Use: Potion            |     3 |       ||     3
Dodge: Dodged            |     7 |       ||     7
